AoeStats
← Jobington

Arabia

510549674Analyzed
1v1 RM · 1d ago on Oct 1, 2026· 33m 24s· 2 players
Game mode
Random Map
Map size
Tiny (2 player)
Population
200
Speed
Normal
Resources
Standard
Victory
Conquest
Starting age
Dark Age
Ending age
Imperial Age
RankedLock teamsTeams togetherTeam positionsShared explorationLock speedFull tech treeHidden civsTurbo modeCheats
Victory
Defeat
🇬🇧 Danes · United Kingdom
1053
+17
🇦🇷 Saxons · Argentina
1068
-17
Jobington
8:10 Loom
10:44 Feudal Age
11:10 Double-Bit Axe
11:08 Horse Collar
14:20 Fletching
16:57 Padded Archer Armor
23:13 Castle Age
22:37 Gold Mining
23:05 Forging
22:55 Scale Mail Armor
24:58 Iron Casting
24:26 Squires
24:12 Arson
26:13 Chain Mail Armor
27:45 Stone Mining
27:58 Heavy Plow
31:00 Stone Shaft Mining
31:12 Wheelbarrow
AgeOfFalop4
6:16 Loom
9:17 Feudal Age
9:24 Man-at-Arms
17:31 Fletching
21:06 Wheelbarrow
25:47 Castle Age
25:17 Padded Archer Armor
25:46 Horse Collar
25:56 Gold Mining
26:01 Elite Skirmisher
27:15 Bodkin Arrow
27:31 Forging
27:22 Scale Mail Armor
27:37 Leather Archer Armor
27:32 Double-Bit Axe
30:00 Chain Mail Armor
30:30 Long Swordsman
30:56 Gambesons
31:05 Long Swordsman
Connection lost

Rejoining the realm…

Still unreachable

The connection could not be restored.

Session expired

The server has moved on; the page needs a fresh start.